 Dungeon Crawl Stone Soup version 0.30-a0-377-g5cb311bc9f (webtiles) character file.

Game seed: 11245913506627567837

7 zishaf the Twirler (level 1, 0/15 HPs)
             Began as a Demigod Wanderer on Nov 30, 2022.
             Slain by a hobgoblin (1 damage)
             ... on level 1 of the Dungeon.
             The game lasted 00:00:36 (130 turns).

zishaf the Twirler (Demigod Wanderer)                Turns: 130, Time: 00:00:36

Health: 0/15       AC:  3    Str: 10    XL:     1   Next: 66%
Magic:  3/3        EV:  8    Int: 14    God:
Gold:   0          SH:  0    Dex: 16    Spells: 0/0 levels left

rFire   . . .      SeeInvis .    a - +2 quarterstaff
rCold   . . .      Faith    .    (shield currently unavailable)
rNeg    . . .      Spirit   .    e - +0 robe
rPois   .          Reflect  .    (no helmet)
rElec   .          Harm     .    (no cloak)
rCorr   .          Rampage  .    c - +0 pair of gloves
Will    .....                    (no boots)
Stlth   ++........               (no amulet)
HPRegen 0.22/turn                (no ring)
MPRegen 0.08/turn                (no ring)

@: constricted
A: high MP 1, forlorn, divine attributes
a: no special abilities


You were on level 1 of the Dungeon.
You visited 1 branch of the dungeon, and saw 1 of its levels.

Inventory:

Hand Weapons
 a - a +2 quarterstaff (weapon)
 b - a +0 short sword
Missiles
 f - 3 poisoned darts (quivered)
Armour
 c - a +0 pair of gloves (worn)
 e - a +0 robe (worn)
Scrolls
 g - a scroll of torment {unknown}
 i - a scroll of summoning {unknown}
Potions
 d - a potion of attraction
 h - a potion of degeneration {unknown}


   Skills:
 + Level 0.3 Fighting
 + Level 1.1 Short Blades
 + Level 3.6 Staves
 + Level 1.9 Armour
 - Level 2.6 Stealth
 + Level 0.2 Spellcasting


You couldn't memorise any spells.
You didn't know any spells.
Your spell library was empty.

Dungeon Overview and Level Annotations

Branches:
Dungeon (1/15)


Innate Abilities, Weirdness & Mutations

You have an increased reservoir of magic. (+10% MP)
You shall have no god before yourself.
Your divine heritage dramatically boosts your attributes as you level up.


Message History

A goblin comes into view. It is wielding a +2 dagger of venom.
A hobgoblin and a ball python come into view.
The hobgoblin shouts!
The kobold shouts!
The ball python hisses angrily.
The goblin attacks as you move away! The goblin closely misses you.
You sock the hobgoblin!
You kill the hobgoblin!
You barely miss the goblin.
The goblin hits you with a +2 dagger of venom.
You are poisoned.
You miss the goblin.
You feel sick.
The goblin hits you with a +2 dagger of venom.
You are too injured to fight recklessly!
You are too injured to fight recklessly!
You sock the goblin!
You kill the goblin!
* * * LOW HITPOINT WARNING * * *
You feel sick. The goblin closely misses you.
You hit the goblin.
You kill the goblin!
You feel sick.
A hobgoblin comes into view.
You barely miss the hobgoblin.
You feel sick.
The hobgoblin shouts!
The ball python misses you. The ball python closely misses you.
The hobgoblin hits you but does no damage.
The ball python barely misses you. The ball python misses you.
You completely miss the hobgoblin.
You feel sick.
The ball python bites you but does no damage.
The ball python barely misses you. The hobgoblin misses you.
You closely miss the hobgoblin.
You feel sick.
You are no longer poisoned.
The ball python bites you but does no damage.
The ball python grabs you. The ball python constricts you.
* * * LOW HITPOINT WARNING * * *
The hobgoblin barely misses you. The ball python barely misses you.
The ball python constricts you.
You hit the ball python.
The ball python is heavily wounded.
The hobgoblin hits you.
You die...

..........#.##....... ..
#.....#..####.......
.$.##........# #.....##
..........#.#####.....##
...... ...#.# #.........
....#.###.#.###.........
.......(......'.........
......g...#####.........
.....#@### #.).......
.... #S# #######+##
#.....K.# ......#....
......#...... ...[.
#........ ###+#
#........ #........
#........


You could see a hobgoblin, a ball python and a kobold.

Vanquished Creatures
  An endoplasm (D:1)
  2 goblins (D:1)
  2 hobgoblins (D:1)
  A frilled lizard (D:1)
6 creatures vanquished.

Notes
Turn   | Place    | Note
-------+----------+-------------------------------------------
     0 | D:1      | zishaf the Demigod Wanderer began the quest for the Orb.
     0 | D:1      | zishaf set off with the following items: a +2 quarterstaff,
                  | a +0 short sword, a +0 pair of gloves, a potion of
                  | attraction, a +0 robe.
     0 | D:1      | Reached XP level 1. HP: 14/14 MP: 3/3
   130 | D:1      | Slain by a hobgoblin

Illustrated notes

Levels and vault maps discovered:
D:1:      dpeg_arrival_ratfight, layout_basic

Action                   || total
-------------------------++-------
Melee: Quarterstaff      ||    13
Armor: Robe              ||     4
Dodge: Dodged            ||    10

Table legend: (Time is in decaauts)
 A = Elapsed time spent in this place.
 B = Non-inter-level travel time spent in this place.
 C = Inter-level travel time spent in this place.
 D = Time resting spent in this place.
 E = Time spent auto-exploring this place.
 F = Levels seen in this place.
 G = Mean time per level.
                   A        B        C        D        E       F      G
               +--------+--------+--------+--------+--------+-----+--------+
         Total |    131 |    131 |      0 |      0 |     82 |   1 |  131.0 |
       Dungeon |    131 |    131 |      0 |      0 |     82 |   1 |  131.0 |
               +--------+--------+--------+--------+--------+-----+--------+

Top non-repeatable levels by time:
     D:1: 131 daAuts
